 Dungeon Crawl Stone Soup version 0.21.0 (webtiles) character file.

4177 Lanoc the Cleaver (level 10, -17/86 HPs)
             Began as a Demonspawn Chaos Knight on Jan 7, 2018.
             Demolished by an orc knight
             ... wielding a +0 glaive
              (42 damage)
             ... in a bailey.
             The game lasted 00:34:59 (9120 turns).

Lanoc the Cleaver (Demonspawn Chaos Knight)         Turns: 9120, Time: 00:35:00

Health: -17/86     AC: 12    Str: 12    XL:     10   Next: 8%
Magic:  10/10      EV:  8    Int: 13    God:    Xom [.*....]
Gold:   533        SH:  0    Dex: 17    Spells: 9/9 levels left

rFire    . . .     SeeInvis +   a - +0 hand axe (chaos)
rCold    + + +     Gourm    .   (no shield)
rNeg     . . .     Faith    .   p - +1 chain mail of Bedevilment {rC++}
rPois    .         Spirit   .   (helmet unavailable)
rElec    .         Reflect  .   u - +0 cloak
rCorr    .         Harm     .   (no gloves)
MR       .....                  (no boots)
Stlth    ..........             (no amulet)
HPRegen  0.24/turn              (no ring)
MPRegen  0.12/turn              (no ring)

@: no status effects
A: antennae 3, beak, claws 1, talons 1, agile 1, blurry vision 1, cold
resistance 1, demonic guardian 1, mutation resistance 1, sense surroundings 1,
robust 1, weak 1
a: Renounce Religion


You were in a bailey.
You worshipped Xom.
You were a plaything of Xom.
You were not hungry.

You visited 2 branches of the dungeon, and saw 11 of its levels.
You also visited: Sewer and Bailey.

You collected 533 gold pieces.

Inventory:

Hand Weapons
 a - a +0 hand axe of chaos (weapon)
 r - a +0 war axe
 C - the +0 hunting sling "Archiadi" {speed, +Blink rF+ Dex+7}
   (You found it on level 9 of the Dungeon)

   Attacks with this weapon are significantly faster.
   It affects your dexterity (+7).
   It protects you from fire.
   It lets you blink.
Armour
 p - the +1 chain mail of Bedevilment (worn) {rC++}
   (You found it on level 6 of the Dungeon)

   It greatly protects you from cold.
 u - a +0 cloak (worn)
Wands
 f - a wand of acid (27)
 i - a wand of polymorph (18)
 y - a wand of enslavement (15)
Scrolls
 e - 3 scrolls of remove curse
 j - 8 scrolls of identify
 m - a scroll of blinking
 n - 3 scrolls of amnesia
 q - 2 scrolls of fear {unknown}
 t - a scroll of fog {unknown}
 v - a scroll of enchant weapon {unknown}
 x - a scroll of enchant armour {unknown}
 A - a scroll of holy word {unknown}
Potions
 d - a potion of haste
 g - 5 potions of brilliance
 h - 2 potions of agility
 l - 2 potions of flight
 B - a potion of lignification {unknown}
Books
 o - a book of Changes

   Spells                             Type                      Level
   a - Beastly Appendage              Transmutation                1
   b - Sticks to Snakes               Transmutation                2
   c - Spider Form                    Transmutation/Poison         3
   d - Ice Form                       Ice/Transmutation            4
   e - Blade Hands                    Transmutation                5
 w - a book of Maledictions

   Spells                             Type                      Level
   a - Corona                         Hexes                        1
   b - Ensorcelled Hibernation        Hexes/Ice                    2
   c - Confuse                        Hexes                        3
   d - Tukima's Dance                 Hexes                        3
   e - Dazzling Spray                 Conjuration/Hexes            3
Comestibles
 c - 15 rations


   Skills:
 + Level 7.2 Fighting
 * Level 9.0 Axes
 + Level 6.2 Armour
 + Level 5.9 Dodging


You had 9 spell levels left.
You didn't know any spells.

Dungeon Overview and Level Annotations

Branches:
Dungeon (10/15)            Temple (1/1) D:7             Orc (0/2) D:9
   Lair: D:8-11

Altars:
Ashenzari
Cheibriados
Dithmenos
Elyvilon
Fedhas
Gozag
Hepliaklqana
Kikubaaqudgha
Makhleb
Nemelex Xobeh
Okawaru
Qazlal
Ru
Sif Muna
Uskayaw
Vehumet
Xom
Yredelemnul
Zin
The Shining One

Shops:
D:5 *   D:10 %


Innate Abilities, Weirdness & Mutations

You have a pair of large antennae on your head. (SInv)
You have sharp fingernails.
You have sharp toenails.
A weak demonic guardian rushes to your aid.
You have a beak for a mouth.
You are agile. (Dex +2)
Scrolls take you a little longer to read.
Your flesh is cold resistant. (rC+)
You are somewhat resistant to further mutation.
You passively map a small area around you.
You are robust. (+10% HP)
You are weak. (Str -2)


Message History

You start resting.
All of the chunks of flesh in your inventory have rotted away.
HP restored.
The orc warrior shouts!
The orc knight shouts!
The orc knight roars a battlecry!
The orc warrior goes into a battle-frenzy!
You hear a shout!
There is an open door here.
The orc knight shouts!
The orc knight closely misses you.
The orc knight hits you from afar with a glaive!
The orc warrior barely misses you.
The orc knight hits you from afar with a glaive!
The orc warrior hits you from afar with a trident!!
The orc knight hits you from afar with a glaive!!
* * * LOW HITPOINT WARNING * * *
As you open the door, it creaks loudly!
The orc knight hits you from afar with a glaive!!!
You die...
Xom snickers!

≈.#############+###'#########Z≈.#
≈.##{, , +#.........##.....##)≈.#
≈..## #..≈≈≈≈≈§≈..##.).##..≈.#
≈≈..## ..§≈..§.§≈≈..##.##.)≈≈.#
.≈≈..# .≈≈..⌠∩⌠..§≈..#)#.)≈≈.∩#
.≈≈..# .≈≈...⌠.o.§§..#'#.Z≈≈.##
≈≈..##,* ..≈≈...oo§≈..'#.##).≈≈.#
≈).##, , #.§≈§≈≈§≈§..##...##..≈.#
≈.##.$$$. #.....@...##.....##.≈.#
≈)####### #####'#############.≈.#
≈..##### *... ##..........≈.#
≈≈≈≈≈≈≈#######[),##..≈≈≈≈≈≈≈≈≈≈.#
........##...##.##..≈≈..........#
######.##..≈..###..≈≈..##########
###...##...≈≈.....≈≈..##
∩..#######..≈≈≈≈≈≈≈..## ####
##.........##


You could see 2 orc knights and an orc warrior.

Vanquished Creatures
  Pikel (D:5)
  Joseph (D:8)
  A troll (D:9)
  Sigmund (D:5)
  4 orc warriors
  3 sky beasts
  2 black bears
  A phantom (D:5)
  An ogre (D:6)
  Blork the orc (D:6)
  3 bullfrogs
  A water moccasin skeleton (D:8)
  12 killer bees (D:8)
  A howler monkey (D:5)
  2 crimson imps
  5 hounds
  3 orc priests
  A jelly (D:6)
  An iguana (D:5)
  Natasha (twice) (D:2)
  2 orc wizards
  7 worker ants
  5 gnolls
  A howler monkey skeleton (D:10)
  7 river rats (Sewer)
  4 adders
  3 shadow imps
  3 oozes
  3 worms
  A dart slug (D:3)
  3 leopard geckos
  47 orcs
  6 ball pythons
  4 giant cockroaches
  22 goblins
  A goblin (shapeshifter) (D:8)
  9 hobgoblins
  3 jackals (D:1)
  4 quokkas
  6 bats
  5 frilled lizards
  25 kobolds
  22 rats
240 creatures vanquished.

Vanquished Creatures (collateral kills)
  An orc warrior (D:5)
  A porcupine (D:5)
  A black bear (D:8)
  2 ogres
  A phantom (D:5)
  A centaur (D:9)
  A killer bee (D:8)
  A bullfrog zombie (D:5)
  2 hounds
  2 adders
  A gnoll (D:7)
  3 leopard geckos (D:5)
  6 orcs
  A bat (D:2)
  A leopard gecko zombie (D:5)
25 creatures vanquished.

Vanquished Creatures (others)
  A gnoll sergeant (D:5)
  4 gnolls (D:5)
  An adder (D:5)
  An orc (D:5)
  A quokka (D:5)
8 creatures vanquished.

Grand Total: 273 creatures vanquished

Notes
Turn   | Place    | Note
-------+----------+-------------------------------------------
     0 | D:1      | Lanoc the Demonspawn Chaos Knight began the quest for the Orb.
     0 | D:1      | Reached XP level 1. HP: 18/18 MP: 1/1
   113 | D:1      | Reached skill level 1 in Dodging
   119 | D:1      | XOM: butterfly on damage
   126 | D:1      | XOM: potion effect (agility)
   129 | D:1      | Gained mutation: You have sharp toenails. [demonic ancestry]
   129 | D:1      | Reached XP level 2. HP: 2/24 MP: 2/2
   434 | D:1      | Reached skill level 3 in Axes
   724 | D:1      | XOM: cast spell 'Leda's Liquefaction'
   799 | D:1      | XOM: mild Chrm miscast
   830 | D:2      | XOM: potion effect (haste)
   872 | D:2      | Noticed Natasha
   883 | D:2      | Killed Natasha
   883 | D:2      | Gained mutation: A weak demonic guardian rushes to your aid. [demonic ancestry]
   883 | D:2      | Reached XP level 3. HP: 19/29 MP: 3/3
   900 | D:2      | Noticed Natasha
   914 | D:2      | Killed Natasha
   914 | D:2      | Gained mutation: You have a pair of small antennae on your head. [demonic ancestry]
   914 | D:2      | Reached XP level 4. HP: 34/35 MP: 4/4
  1076 | D:2      | XOM: cloud trail
  1153 | D:2      | XOM: harmless Tloc miscast
  1248 | D:2      | XOM: harmless Erth miscast
  1274 | D:2      | XOM: harmless Pois miscast
  1844 | D:3      | XOM: mild Summ miscast
  1897 | D:3      | XOM: silly message
  2275 | D:4      | Found a glowing golden altar of the Shining One.
  2282 | D:4      | Gained mutation: You have a pair of antennae on your head. [demonic ancestry]
  2282 | D:4      | Reached XP level 5. HP: 41/41 MP: 5/5
  2289 | D:4      | Got a crude dagger
  2290 | D:4      | Identified the +10 dagger of Towul {pierce, *Slow rElec MP+9 Stlth+} (You found it on level 4 of the Dungeon)
  2343 | D:4      | Reached skill level 4 in Axes
  2560 | D:4      | XOM: harmless Tloc miscast
  2561 | D:4      | XOM: harmless Necr miscast
  2731 | D:4      | Reached XP level 6. HP: 25/48 MP: 6/6
  2884 | D:4      | XOM: 2-stop teleportation journey
  2966 | D:4      | You fall through a shaft!
  2966 | D:5      | Entered Level 5 of the Dungeon
  2971 | D:5      | XOM: confuse monster(s)
  2983 | D:5      | Noticed Pikel
  2984 | D:5      | Noticed a slave
  2984 | D:5      | Noticed a slave
  2985 | D:5      | XOM: cleaving
  2987 | D:5      | Found Koosig's General Store.
  3009 | D:5      | Noticed a slave
  3020 | D:5      | XOM: divination: detect creatures
  3022 | D:5      | Killed Pikel
  3022 | D:5      | Reached skill level 5 in Axes
  3022 | D:5      | Gained mutation: You have a pair of large antennae on your head. (SInv) [demonic ancestry]
  3022 | D:5      | Reached XP level 7. HP: 26/55 MP: 7/7
  3036 | D:5      | Noticed a fire bat
  3036 | D:5      | a freed slave changed into a fire bat
  3036 | D:5      | XOM: polymorph freed slave -> fire bat
  3036 | D:5      | Noticed a human
  3036 | D:5      | a fire bat changed into a human
  3037 | D:5      | a human changed into a tengu
  3047 | D:5      | Noticed a fire bat
  3047 | D:5      | a water moccasin changed into a fire bat
  3054 | D:5      | a fire bat changed into a soldier ant
  3087 | D:5      | Found a stormy altar of Qazlal.
  3109 | D:5      | Noticed Sigmund
  3115 | D:5      | XOM: enchant monster (good)
  3142 | D:5      | XOM: mild Air miscast
  3148 | D:5      | Gained mutation: You are robust. (+10% HP) [potion of mutation]
  3148 | D:5      | Gained mutation: You are weak. (Str -2) [potion of mutation]
  3148 | D:5      | Gained mutation: Scrolls take you a little longer to read. [potion of mutation]
  3148 | D:5      | Gained mutation: You are somewhat resistant to further mutation. [potion of mutation]
  3194 | D:5      | Noticed a wyvern
  3194 | D:5      | an ice beast changed into a wyvern
  3201 | D:5      | a wyvern changed into an acid dragon
  3203 | D:5      | Noticed a rime drake
  3203 | D:5      | an acid dragon changed into a rime drake
  3205 | D:5      | a rime drake changed into an eye of draining
  3325 | D:5      | XOM: harmless Summ miscast
  3337 | D:5      | XOM: enchant monster (bad)
  3346 | D:5      | Found a burning altar of Makhleb.
  3348 | D:5      | Found a glowing drain.
  3362 | Sewer    | Entered a sewer
  3408 | Sewer    | XOM: mild Hex miscast
  3676 | Sewer    | Reached skill level 5 in Fighting
  3774 | Sewer    | XOM: god gift: club {god gift}
  3925 | Sewer    | XOM: mild Conj miscast
  4252 | D:5      | Found a radiant altar of Vehumet.
  4300 | D:5      | Noticed a shock serpent
  4301 | D:5      | Noticed a merfolk
  4301 | D:5      | a shock serpent changed into a merfolk
  4302 | D:5      | Noticed a swamp dragon
  4302 | D:5      | a merfolk changed into a swamp dragon
  4306 | D:5      | Noticed a mana viper
  4306 | D:5      | a swamp dragon changed into a mana viper
  4307 | D:5      | XOM: potion effect (haste)
  4307 | D:5      | Noticed a jumping spider
  4307 | D:5      | a mana viper changed into a jumping spider
  4309 | D:5      | Noticed a hippogriff
  4309 | D:5      | a jumping spider changed into a hippogriff
  4310 | D:5      | Noticed a wind drake
  4310 | D:5      | a hippogriff changed into a wind drake
  4312 | D:5      | XOM: summons 2 friendly demons
  4315 | D:5      | Reached skill level 6 in Axes
  4315 | D:5      | Reached XP level 8. HP: 14/68 MP: 8/8
  4338 | D:5      | Noticed a jumping spider
  4338 | D:5      | an eye of draining changed into a jumping spider
  4346 | D:5      | Noticed a cyclops
  4346 | D:5      | a jumping spider changed into a cyclops
  4350 | D:5      | Noticed a death drake
  4350 | D:5      | a cyclops changed into a death drake
  4352 | D:5      | Noticed a yaktaur
  4352 | D:5      | a death drake changed into a yaktaur
  4353 | D:5      | Noticed a death drake
  4353 | D:5      | a yaktaur changed into a death drake
  4364 | D:5      | Noticed a yaktaur
  4364 | D:5      | a death drake changed into a yaktaur
  4367 | D:5      | Noticed a salamander
  4367 | D:5      | a yaktaur changed into a salamander
  4368 | D:5      | a salamander changed into a tarantella
  4383 | D:5      | Noticed a moth of wrath
  4383 | D:5      | a tarantella changed into a moth of wrath
  4389 | D:5      | Noticed a lindwurm
  4389 | D:5      | a moth of wrath changed into a lindwurm
  4397 | D:5      | Noticed an elephant
  4397 | D:5      | a lindwurm changed into an elephant
  4398 | D:5      | Killed Sigmund
  4404 | D:5      | Noticed a mana viper
  4404 | D:5      | an elephant changed into a mana viper
  4408 | D:5      | Noticed a fire crab
  4408 | D:5      | a mana viper changed into a fire crab
  4418 | D:5      | Noticed an orb spider
  4421 | D:5      | Noticed a spiny frog
  4421 | D:5      | an orb spider changed into a spiny frog
  4426 | D:5      | Noticed a blink frog
  4426 | D:5      | a spiny frog changed into a blink frog
  4428 | D:5      | Noticed a polar bear
  4428 | D:5      | a blink frog changed into a polar bear
  4431 | D:5      | XOM: god gift: 3 needles of paralysis
  4431 | D:5      | Noticed an orb spider
  4431 | D:5      | a polar bear changed into an orb spider
  4432 | D:5      | Noticed a queen bee
  4432 | D:5      | an orb spider changed into a queen bee
  4607 | D:5      | Noticed an unseen horror
  4607 | D:5      | a soldier ant changed into an unseen horror
  4618 | D:5      | Found a glowing silver altar of Zin.
  4862 | D:6      | Found an iron altar of Okawaru.
  4911 | D:6      | XOM: polymorph crimson imp -> shadow imp
  4925 | D:6      | Found a shimmering altar of Xom.
  4932 | D:6      | Got a bloodstained chain mail
  4958 | D:5      | Identified the cursed +1 chain mail of Bedevilment {rC++} (You found it on level 6 of the Dungeon)
  4968 | D:5      | Noticed a wind drake
  4969 | D:5      | Noticed a swamp dragon
  4969 | D:5      | a wind drake changed into a swamp dragon
  4970 | D:5      | Noticed a wind drake
  4970 | D:5      | a swamp dragon changed into a wind drake
  4971 | D:5      | Noticed a dream sheep
  4971 | D:5      | a wind drake changed into a dream sheep
  4972 | D:5      | Noticed a glowing shapeshifter
  4972 | D:5      | a dream sheep changed into a glowing shapeshifter
  4973 | D:5      | Noticed a shining eye
  4973 | D:5      | a glowing shapeshifter changed into a shining eye
  4983 | D:5      | Noticed a lindwurm
  4983 | D:5      | a shining eye changed into a lindwurm
  4987 | D:5      | Noticed a guardian serpent
  4987 | D:5      | a lindwurm changed into a guardian serpent
  4991 | D:5      | Noticed a cyclops
  4991 | D:5      | a guardian serpent changed into a cyclops
  5007 | D:5      | Noticed a water nymph
  5007 | D:5      | a cyclops changed into a water nymph
  5188 | D:6      | Found a sacrificial altar of Ru.
  5188 | D:6      | XOM: god gift: scroll labeled CAPPUU PAUGH {god gift}
  5244 | D:6      | Noticed Blork the orc
  5256 | D:6      | Killed Blork the orc
  5256 | D:6      | Reached skill level 7 in Axes
  5256 | D:6      | XOM: scenery: create altars
  5406 | D:6      | XOM: scenery: create altars
  5505 | D:6      | XOM: give mutations
  5505 | D:6      | Gained mutation: You passively map a small area around you. [Xom's grace]
  5505 | D:6      | Gained mutation: You are agile. (Dex +2) [Xom's grace]
  5505 | D:6      | Gained mutation: Your flesh is cold resistant. (rC+) [Xom's grace]
  5505 | D:6      | Gained mutation: You have a beak for a mouth. [Xom's grace]
  5540 | D:6      | XOM: scenery: create altars
  5549 | D:6      | XOM: scenery: create altars
  5622 | D:7      | XOM: enchant monster (good)
  5680 | D:7      | Found a staircase to the Ecumenical Temple.
  5712 | Temple   | Entered the Ecumenical Temple
  6081 | D:7      | Reached skill level 5 in Armour
  6097 | D:7      | XOM: chaos cloud
  6106 | D:7      | XOM: polymorph gnoll sergeant -> worker ant
  6109 | D:7      | Gained mutation: You have sharp fingernails. [demonic ancestry]
  6109 | D:7      | Reached XP level 9. HP: 46/75 MP: 9/9
  6160 | D:7      | XOM: 1-stop teleportation journey
  6340 | D:7      | XOM: polymorph adder -> goblin
  6407 | D:7      | XOM: stat loss: -1 Int (12/13)
  6412 | D:7      | XOM: summons 1 hostile demon
  6488 | D:8      | XOM: draining
  6500 | D:8      | XOM: 6-stop teleportation journey
  6501 | D:8      | Noticed a queen bee
  6505 | D:8      | Noticed Joseph
  6519 | D:8      | Reached skill level 5 in Dodging
  6521 | D:8      | Killed Joseph
  6522 | D:8      | Reached skill level 8 in Axes
  6522 | D:8      | XOM: polymorph killer bee -> river rat
  6605 | D:8      | XOM: polymorph killer bee -> worm
  6607 | D:8      | XOM: blink monster(s)
  6620 | D:8      | XOM: mild Tmut miscast
  6625 | D:8      | XOM: polymorph ufetubus -> white imp
  6636 | D:8      | XOM: enchant monster (bad)
  6948 | D:9      | Noticed a troll
  6964 | D:9      | Killed a troll
  7136 | D:9      | XOM: noise
  7218 | D:9      | Found a hide-covered altar of Uskayaw.
  7230 | D:9      | Got a smoking hunting sling
  7231 | D:9      | Identified the cursed +0 hunting sling "Archiadi" {speed, +Blink rF+ Dex+7} (You found it on level 9 of the Dungeon)
  7251 | D:9      | XOM: polymorph iron imp -> white imp
  7289 | D:9      | Found a staircase to the Orcish Mines.
  7436 | D:8      | XOM: swap monsters
  7446 | D:8      | XOM: smoke on damage
  7458 | D:8      | Reached XP level 10. HP: 18/86 MP: 10/10
  7805 | D:8      | XOM: silly message
  7828 | D:8      | XOM: polymorph quasit -> iron imp
  8322 | D:9      | Found a deep blue altar of Sif Muna.
  8378 | D:10     | Entered Level 10 of the Dungeon
  8401 | D:10     | Found Tidolat's Food Shop.
  8456 | D:10     | Found a flagged portal.
  8476 | Bailey   | Entered a bailey
  8509 | Bailey   | XOM: chaos upgrade
  8693 | Bailey   | Noticed an orc knight
  8694 | Bailey   | Noticed an orc knight
  8708 | Bailey   | XOM: harmless Chrm miscast
  8806 | Bailey   | Reached skill level 9 in Axes
  8989 | Bailey   | XOM: harmless Air miscast
  9120 | Bailey   | Demolished by an orc knight

Skill      XL: |  1  2  3  4  5  6  7  8  9 10 |
---------------+-------------------------------+-----
Dodging        | 1 2 3 4 5 |  5.9
Axes           | 3 4 5 6 7 8 9 |  9.0
Armour         | 2 3 4 5 6 |  6.2
Fighting       | 4 5 6 7 |  7.2

Action                   |  1- 3 |  4- 6 |  7- 9 | 10-12 || total
-------------------------+-------+-------+-------+-------++-------
Melee: Hand axe          |    71 |   176 |   412 |    88 ||   747
       Kick              |    10 |    33 |   102 |    30 ||   175
       Peck              |       |       |    40 |    23 ||    63
  Use: Scroll            |       |     4 |     6 |     1 ||    11
       Potion            |       |       |    19 |     3 ||    22
 Stab: Sleeping          |       |     3 |       |       ||     3
       Confused          |       |     2 |     2 |     1 ||     5
       Paralysed         |       |       |     3 |       ||     3
       Distracted        |       |       |     3 |     2 ||     5
       Petrified         |       |       |     3 |       ||     3
       Petrifying        |       |       |     3 |       ||     3
  Eat: Chunk             |       |     6 |    12 |     5 ||    23
       Ration            |       |       |     1 |       ||     1
Armor: Leather armour    |    26 |    41 |    31 |       ||    98
       Skin              |    11 |       |       |       ||    11
       Chain mail        |       |       |   206 |    64 ||   270
Dodge: Dodged            |    38 |   104 |   302 |    53 ||   497
